 Dungeon Crawl Stone Soup version 0.28-a0-407-g69098e2f6d (webtiles) character file.

Game seed: 3503299764455026763

1258 rogsnak the Digger (level 8, -14/57 HPs)
             Began as a Demonspawn Earth Elementalist on Sept 6, 2021.
             Was a Believer of Sif Muna.
             Demolished by a two-headed ogre (20 damage)
             ... on level 5 of the Dungeon.
             The game lasted 00:13:23 (5514 turns).

rogsnak the Digger (Demonspawn Earth Elementalist)  Turns: 5514, Time: 00:13:24

Health: -14/57     AC:  2    Str:  8    XL:     8   Next: 27%
Magic:  3/14       EV: 13    Int: 18    God:    Sif Muna [**....]
Gold:   292        SH:  4    Dex: 15    Spells: 8/15 levels left

rFire   . . .      SeeInvis .   d - +0 dagger (elec)
rCold   . . .      Faith    .   (no shield)
rNeg    . . .      Spirit   .   b - +0 robe
rPois   .          Reflect  .   (helmet restricted)
rElec   .          Harm     .   (no cloak)
rCorr   .          Rampage  .   (no gloves)
Will    .....                   (no boots)
Stlth   ++........              p - amulet of regeneration
HPRegen 1.19/turn               (no ring)
MPRegen 0.14/turn               (no ring)

@: brilliant, attractive
A: horns 1, foul stench 2, condensation shield
a: Renounce Religion, Channel Magic


You were on level 5 of the Dungeon.
You worshipped Sif Muna.
Sif Muna was pleased with you.
You visited 1 branch of the dungeon, and saw 6 of its levels.
You also visited: Sewer.

You collected 292 gold pieces.

Inventory:

Hand Weapons
 d - a +0 dagger of electrocution (weapon)
Missiles
 c - 92 stones
 k - 3 boomerangs of dispersal
 v - 2 throwing nets
 B - 30 poisoned darts
Armour
 b - a +0 robe (worn)
 l - a +0 helmet
Magical Staves
 a - a staff of poison
 s - a staff of cold
Jewellery
 p - an amulet of regeneration (around neck)
Wands
 z - a wand of mindburst (7)
Scrolls
 e - 5 scrolls of identify {unknown}
 g - 2 scrolls of teleportation {unknown}
 h - a scroll of enchant weapon {unknown}
 m - a scroll of fear {unknown}
 o - 3 scrolls of amnesia {unknown}
 r - a scroll of immolation {unknown}
 t - 2 scrolls of fog {unknown}
 w - a scroll of vulnerability {unknown}
 x - 3 scrolls of acquirement {unknown}
 y - a scroll of enchant armour {unknown}
Potions
 f - 2 potions of attraction
 i - a potion of brilliance
 j - a potion of curing {unknown}
 n - a potion of magic {unknown}
 q - 4 potions of haste {unknown}
 u - a potion of flight {unknown}
 A - 3 potions of cancellation {unknown}
 C - a potion of might {unknown}
 D - a potion of mutation {unknown}


   Skills:
 + Level 2.5 Fighting
 + Level 4.1 Dodging
 - Level 2.0 Stealth
 - Level 1.6 Shields
 + Level 4.3 Spellcasting
 * Level 4.8 Conjurations
 - Level 0.8 Transmutations
 + Level 5.2 Earth Magic


You had 8 spell levels left.
You knew the following spells:

 Your Spells              Type           Power      Damage    Failure   Level
a - Sandblast             Erth           68%        2d15      1%          1
b - Stone Arrow           Conj/Erth      66%        3d11      5%          3
c - Mephitic Cloud        Conj/Pois/Air  14%        N/A       22%         3

Your spell library contained the following spells:

 Spells                   Type           Power      Damage    Failure   Level
 Passwall                 Tmut/Erth      18%        N/A       6%          2
 Sting                    Tmut/Pois      32%        1d4       12%         1
 Poisonous Vapours        Pois/Air       10%        N/A       22%         2
 Ignite Poison            Fire/Tmut/Pois 7%         N/A       36%         3
 Petrify                  Tmut/Erth      22%        N/A       38%         4
 Olgreb's Toxic Radiance  Pois           5%         N/A       80%         4
 Summon Lightning Spire   Summ/Air       5%         N/A       80%         4
 Freezing Cloud           Conj/Ice/Air   7%         6-21      90%         5
 Storm Form               Tmut/Air       4%         N/A       100%        7
 Maxwell's Capacitive Co  Air            2%         ∞         100%        8


Dungeon Overview and Level Annotations

Branches:
Dungeon (6/15)              Sewer (visited)
 Temple: D:4-7

Altars:
Hepliaklqana
Kikubaaqudgha
Sif Muna
Uskayaw

Shops:
D:6 (

Annotations:
D:5 Ijyb


Innate Abilities, Weirdness & Mutations

You have a pair of small horns on your head.
You sometimes emit foul miasma when damaged in melee.
A meltable shield of frost defends you. (SH +4)


Message History

You climb upwards.
Level annotation: Ijyb The two-headed ogre shouts in stereo!
The hound barks!
The hound barely misses you. The hound closely misses you.
There is a stone staircase leading down here.
Unknown command.
Casting: Stone Arrow (dangerous; 5% risk of failure)
Confirm with . or Enter, or press ? or * to list all spells.
Aiming: Stone Arrow (dangerous; 5% risk of failure)
Press: ? - help, Shift-Dir - straight line, f - two-headed ogre
Aim: a two-headed ogre, wielding two +0 giant clubs (86% to hit)
The stone arrow misses the two-headed ogre.
The hound bites you but does no damage.
The two-headed ogre hits you with a +0 giant club!!
The two-headed ogre hits you with a +0 giant club!
The hound closely misses you.
Casting: Stone Arrow (dangerous; 5% risk of failure)
Confirm with . or Enter, or press ? or * to list all spells.
Aiming: Stone Arrow (dangerous; 5% risk of failure)
Press: ? - help, Shift-Dir - straight line, f/p - two-headed ogre
Aim: a two-headed ogre, wielding two +0 giant clubs (86% to hit)
The stone arrow hits the two-headed ogre!!
The two-headed ogre is moderately wounded.
The hound misses you.
The two-headed ogre hits you with a +0 giant club!!
* * * LOW HITPOINT WARNING * * *
You block the two-headed ogre's attack.
Aiming: Mindburst
Press: ? - help, Shift-Dir - straight line, f/p - two-headed ogre
Aim: a two-headed ogre, wielding two +0 giant clubs (moderately wounded, chance to affect: 48%)
Okay, then.
It was a potion of attraction.
You feel attractive to monsters. The hound misses you.
The hound barely misses you.
Unknown command.
It was a potion of brilliance.
You feel clever all of a sudden. The two-headed ogre misses you.
The two-headed ogre hits you with a +0 giant club!!
You die...

.# .# .#
.# ##.#
##..##
##8O.8#.#
#..@....#
#...h...#
##8..8###
##..##
##.# .#
.# .#


You could see a two-headed ogre and a hound.

Vanquished Creatures
  Menkaure (D:4)
  2 necrophages
  4 kobold brigands (Sewer)
  A scorpion (D:4)
  A wyvern skeleton (D:6)
  A bullfrog zombie (D:6)
  A gnoll shaman (D:4)
  2 hounds
  A bullfrog skeleton (D:4)
  An orc priest (D:3)
  A centaur skeleton (D:6)
  2 iguanas
  Natasha (twice) (D:4)
  2 hound skeletons (D:4)
  10 gnolls
  3 adders (D:2)
  A howler monkey skeleton (D:4)
  2 worms
  2 dart slugs
  14 orcs
  10 ball pythons
  8 endoplasms
  3 giant cockroaches
  4 goblins
  4 hobgoblins
  A quokka (D:3)
  9 bats
  6 frilled lizards
  16 kobolds
  7 rats
122 creatures vanquished.

Vanquished Creatures (others)
  An orc (D:5)
  A plant (Sewer)
2 creatures vanquished.

Grand Total: 124 creatures vanquished

Notes
Turn   | Place    | Note
-------+----------+-------------------------------------------
     0 | D:1      | rogsnak the Demonspawn Earth Elementalist began the quest
                  | for the Orb.
     0 | D:1      | Reached XP level 1. HP: 13/13 MP: 3/3
   325 | D:1      | Found a faded altar of an unknown god.
   435 | D:1      | Reached skill level 3 in Earth Magic
   435 | D:1      | Gained mutation: A meltable shield of frost defends you.
                  | (SH +4) [demonic ancestry]
   435 | D:1      | Reached XP level 2. HP: 10/19 MP: 5/5
  1379 | D:2      | Reached XP level 3. HP: 19/24 MP: 6/6
  2126 | D:2      | Learned a level 3 spell: Stone Arrow
  2201 | D:2      | Gained mutation: You have a pair of small horns on your
                  | head. [demonic ancestry]
  2201 | D:2      | Reached XP level 4. HP: 24/30 MP: 7/7
  2485 | D:3      | Found a shimmering blue altar of Sif Muna.
  2506 | D:3      | Became a worshipper of Sif Muna the Loreminder
  2740 | D:3      | Found an ancient bone altar of Kikubaaqudgha.
  3068 | D:3      | Noticed a necrophage
  3074 | D:3      | Killed a necrophage
  3075 | D:3      | Reached skill level 1 in Fighting
  3075 | D:3      | Reached skill level 1 in Shields
  3075 | D:3      | Reached skill level 1 in Conjurations
  3075 | D:3      | Reached skill level 4 in Earth Magic
  3075 | D:3      | Gained mutation: You may rarely emit foul miasma when
                  | damaged in melee. [demonic ancestry]
  3075 | D:3      | Reached XP level 5. HP: 32/37 MP: 8/8
  3080 | D:3      | Learned a level 3 spell: Mephitic Cloud
  3331 | D:4      | Gained mutation: You sometimes emit foul miasma when
                  | damaged in melee. [demonic ancestry]
  3331 | D:4      | Reached XP level 6. HP: 43/43 MP: 1/10
  3695 | D:4      | Noticed Natasha
  3699 | D:4      | Killed Natasha
  4021 | D:4      | Found a hide-covered altar of Uskayaw.
  4021 | D:4      | Found a hazy altar of Hepliaklqana.
  4030 | D:4      | Reached * piety under Sif Muna
  4090 | D:4      | Reached XP level 7. HP: 49/49 MP: 1/11
  4402 | D:4      | Noticed Natasha
  4405 | D:4      | Killed Natasha
  4564 | D:4      | Noticed Menkaure
  4583 | D:4      | Killed Menkaure
  4665 | D:4      | You fall into a shaft and drop 1 floor!
  4665 | D:5      | Entered Level 5 of the Dungeon
  4684 | D:5      | Noticed a two-headed ogre
  4687 | D:5      | Noticed Ijyb
  4701 | D:6      | Found Ydouss's Antique Weapon Boutique.
  4925 | D:6      | Found a glowing drain.
  5022 | Sewer    | Entered a sewer
  5068 | Sewer    | Reached XP level 8. HP: 24/56 MP: 9/14
  5073 | Sewer    | Reached skill level 5 in Earth Magic
  5088 | Sewer    | Reached ** piety under Sif Muna
  5510 | D:5      | Noticed a two-headed ogre
  5514 | D:5      | Demolished by a two-headed ogre

Illustrated notes

Levels and vault maps discovered:
D:1:      matt_arrival_grand_opening, layout_loops_ring,
          shapermc_ecumenical_altar_totnotflames
D:2:      layout_rooms
D:3:      layout_basic, amcnicky_altar_gilded, kiku_gazebo_garden_becter,
          serial_glass, glass_columns_a, glass_columns_a
D:4:      layout_loops_ring, jmf_multi_god_temple, serial_glass,
          glass_columns_c, glass_columns_a, minmay_box_of_dots, uniq_natasha,
          uniq_menkaure
D:5:      layout_loops_ring, nicolae_ru_path_of_blood,
          nicolae_overflow_crystal_walls, st_stairs_6, uniq_ijyb, uniq_pikel,
          uniq_eustachio
D:6:      layout_rooms, minmay_temple_entry_nine_rooms, serial_shops,
          nicolae_stop_n_shop_2, cheibrodos_sewer_entry_bend,
          kennysheep_another_room

Skill      XL: |  1  2  3  4  5  6  7  8 |
---------------+-------------------------+-----
Earth Magic    | 3 4 5 |  5.2
Stealth        | 2 |  2.0
Dodging        | 2 3 4 |  4.1
Fighting       | 1 2 |  2.5
Shields        | 1 |  1.6
Conjurations   | 1 2 4 |  4.8
Spellcasting   | 3 4 |  4.3
Transmutations | |  0.8

Action                   |  1- 3 |  4- 6 |  7- 9 || total
-------------------------+-------+-------+-------++-------
Melee: Dagger            |   116 |   116 |    81 ||   313
       Staff             |     6 |       |       ||     6
       Headbutt          |       |    18 |     9 ||    27
 Cast: Sandblast         |     5 |     8 |     4 ||    17
       Stone Arrow       |       |    11 |    36 ||    47
  Use: Potion            |       |       |     2 ||     2
 Stab: Sleeping          |     3 |     2 |       ||     5
       Distracted        |       |     1 |       ||     1
Armor: Robe              |    34 |     8 |    20 ||    62
Dodge: Dodged            |    86 |    56 |    67 ||   209
Block: Other             |    22 |    19 |    25 ||    66

Table legend: (Time is in decaauts)
 A = Elapsed time spent in this place.
 B = Non-inter-level travel time spent in this place.
 C = Inter-level travel time spent in this place.
 D = Time resting spent in this place.
 E = Time spent auto-exploring this place.
 F = Levels seen in this place.
 G = Mean time per level.
                   A        B        C        D        E       F      G
               +--------+--------+--------+--------+--------+-----+--------+
         Total |   5550 |   5474 |     76 |   1340 |   2657 |   7 |  792.9 |
       Dungeon |   5107 |   5031 |     76 |   1254 |   2540 |   6 |  851.2 |
         Sewer |    442 |    442 |      0 |     86 |    117 |   1 |  442.0 |
               +--------+--------+--------+--------+--------+-----+--------+

Top non-repeatable levels by time:
     D:1: 1352 daAuts
     D:3: 1113 daAuts
     D:2: 1110 daAuts
     D:4: 1091 daAuts
   Sewer: 442 daAuts
     D:6: 399 daAuts
     D:5: 40 daAuts
